[Event "Titled Tuesday Blitz December 13 Late 2022"]
[White "Osmonbekov, Talaibek"]
[Black "Adewumi, Tanitoluwa"]
[WhiteFideId "2017253"]
[BlackFideId "30966396"]
[WhiteElo "2135"]
[BlackElo "2481"]
[Result "1-0"]
[Round "06"]
[TimeControl "180+1"]
[Date "2022.12.14"]
[WhiteClock "0:01:35"]
[BlackClock "0:00:02"]

1. d4 Nf6 2. Bf4 g6 3. Nc3 Bg7 4. e4 d6 5. Qd2 O-O 6. O-O-O Nc6 7. Nf3 Bg4 8. Qe3 Bxf3 9. gxf3 Nh5 10. Bg5 Qd7 11. h4 e5 12. dxe5 Nxe5 13. Bh3 Qe8 14. Nd5 Nc4 15. Qb3 Nxb2 16. Rdg1 Qe5 17. Bg4 c6 18. Ne7+ Kh8 19. Bxh5 gxh5 20. Nf5 Na4 21. Nxg7 Qxg7 22. Qxa4 h6 23. Be3 Qf6 24. Bd4 1-0


[Site "https://www.chess.com"]

[Event "Titled Tuesday Blitz December 13 Late 2022"]
[White "Ozates, Tuna"]
[Black "Shapiro, Daniel"]
[WhiteFideId "6354521"]
[BlackFideId "2001780"]
[WhiteElo "2151"]
[BlackElo "2367"]
[Result "1-0"]
[Round "06"]
[TimeControl "180+1"]
[Date "2022.12.14"]
[WhiteClock "0:00:08"]
[BlackClock "0:00:02"]

1. e4 e5 2. Nf3 Nc6 3. Bb5 a6 4. Ba4 Nf6 5. d3 b5 6. Bb3 Bb7 7. O-O Bd6 8. c3 h6 9. Nbd2 O-O 10. Re1 Re8 11. Nf1 Bf8 12. Ng3 d5 13. Qe2 d4 14. Nh4 Na5 15. Bc2 c5 16. a3 Rc8 17. Nhf5 c4 18. Bd2 cxd3 19. Bxd3 Nc4 20. cxd4 Nxb2 21. d5 Nxd3 22. Qxd3 Bc5 23. Qf3 a5 24. Rab1 Ba6 25. Rec1 Bf8 26. Rxc8 Qxc8 27. Rc1 Qd8 28. Rc6 Bb7 29. Nxh6+ gxh6 30. Rxf6 b4 31. Nh5 Kh8 32. Bxh6 bxa3 33. Bxf8 a2 34. Rh6+ Kg8 35. Qg3+ Kxf8 36. Qa3+ Kg8 37. Qxa2 Qc7 38. Qd2 Rc8 39. Rh8+ 1-0


[Site "https://www.chess.com"]

[Event "Titled Tuesday Blitz December 13 Late 2022"]
[White "Pace, Christopher"]
[Black "Suarez Uriel, Adrian"]
[WhiteFideId "2610167"]
[BlackFideId "22230874"]
[WhiteElo "2303"]
[BlackElo "2331"]
[Result "0-1"]
[Round "06"]
[TimeControl "180+1"]
[Date "2022.12.14"]
[WhiteClock "0:00:06"]
[BlackClock "0:00:59"]

1. e4 c5 2. Nf3 d6 3. d4 cxd4 4. Nxd4 Nf6 5. Nc3 a6 6. Bg5 e6 7. f4 Be7 8. Qf3 Qc7 9. O-O-O Nbd7 10. g4 h6 11. Bxf6 Bxf6 12. h4 Nb6 13. g5 Bxd4 14. Rxd4 Qc5 15. Rd2 Bd7 16. Bh3 O-O-O 17. b3 Kb8 18. Rhd1 hxg5 19. hxg5 Bc6 20. Kb2 d5 21. exd5 Nxd5 22. Nxd5 Bxd5 23. Qg3 Rc8 24. c4 Bc6 25. f5+ Ka8 26. fxe6 fxe6 27. Bxe6 Rce8 28. Bd5 Re3 29. Qc7 Re7 30. Qg3 Re3 31. Qc7 Re7 32. Qg3 Bxd5 33. Rxd5 Qb6 34. c5 Qa5 35. Qd3 Rh2+ 36. Rd2 Rxd2+ 37. Qxd2 Qb5 38. Rd8+ Ka7 39. Qf2 Re2+ 0-1


[Site "https://www.chess.com"]

[Event "Titled Tuesday Blitz December 13 Late 2022"]
[White "Pakleza, Zbigniew"]
[Black "Naroditsky, Daniel"]
[WhiteFideId "1119290"]
[BlackFideId "2026961"]
[WhiteElo "2410"]
[BlackElo "2628"]
[Result "0-1"]
[Round "06"]
[TimeControl "180+1"]
[Date "2022.12.13"]
[WhiteClock "0:00:11"]
[BlackClock "0:01:35"]

1. d4 Nf6 2. Nf3 g6 3. Bf4 Bg7 4. e3 d6 5. h3 O-O 6. Be2 Nfd7 7. c4 e5 8. Bh2 Nc6 9. Nc3 f5 10. O-O e4 11. Nd2 Nf6 12. Re1 Ne7 13. b4 g5 14. f3 exf3 15. Bxf3 g4 16. Be2 Ng6 17. Bd3 gxh3 18. gxh3 f4 19. Bxg6 hxg6 20. Bxf4 Nh5 21. Qf3 Qh4 22. Ne2 Bxh3 23. Ne4 g5 24. Nf2 Be6 25. Qe4 Rae8 26. Bh2 Qxf2+ 27. Kh1 Bxc4 28. Qg2 Qxg2+ 29. Kxg2 Rxe3 0-1


[Site "https://www.chess.com"]

[Event "Titled Tuesday Blitz December 13 Late 2022"]
[White "Paravyan, David"]
[Black "Di Berardino, Diego Rafael"]
[WhiteFideId "4194985"]
[BlackFideId "2105446"]
[WhiteElo "2551"]
[BlackElo "2441"]
[Result "1-0"]
[Round "06"]
[TimeControl "180+1"]
[Date "2022.12.13"]
[WhiteClock "0:00:55"]
[BlackClock "0:00:03"]

1. e4 c5 2. Nf3 e6 3. d4 cxd4 4. Nxd4 Nf6 5. Nc3 Nc6 6. Nxc6 bxc6 7. e5 Nd5 8. Ne4 f5 9. exf6 Nxf6 10. Nd6+ Bxd6 11. Qxd6 Ba6 12. Bxa6 Qa5+ 13. Bd2 Qxa6 14. Bb4 Kf7 15. Ba3 e5 16. O-O-O Rhe8 17. Rhe1 Re6 18. Qd3 Qxd3 19. Rxd3 d5 20. Rb3 Rd8 21. Bc5 Rd7 22. f3 d4 23. Ra3 Nd5 24. Rxa7 Rxa7 25. Bxa7 Ne3 26. Re2 Rh6 27. h3 Rg6 28. g4 Rf6 29. c3 Rxf3 30. cxd4 e4 31. b3 Rxh3 32. d5 Nxd5 33. Rxe4 Rh2 34. a4 Ra2 35. Rc4 g6 36. Rxc6 h5 37. gxh5 gxh5 38. Rh6 Nf4 39. Kb1 Re2 40. Bb8 Nd5 41. Kc1 Nc3 42. Rc6 Na2+ 43. Kd1 Rg2 44. a5 Nb4 45. Rb6 Nd5 46. Rb7+ Ke6 47. a6 Ra2 48. a7 h4 49. Rh7 Ne3+ 50. Kc1 Nd5 51. Rxh4 Nc3 52. Rc4 Ne2+ 53. Kb1 1-0


[Site "https://www.chess.com"]

[Event "Titled Tuesday Blitz December 13 Late 2022"]
[White "Pasti, Aron"]
[Black "Estrada Nieto, Julian"]
[WhiteFideId "785857"]
[BlackFideId "5101018"]
[WhiteElo "2250"]
[BlackElo "2195"]
[Result "0-1"]
[Round "06"]
[TimeControl "180+1"]
[Date "2022.12.14"]
[WhiteClock "0:00:04"]
[BlackClock "0:00:06"]

1. e4 e5 2. Nf3 Nc6 3. Bb5 a6 4. Ba4 Nf6 5. O-O Be7 6. Re1 b5 7. Bb3 d6 8. c3 O-O 9. h3 Bb7 10. d4 Re8 11. Ng5 Rf8 12. Nf3 Re8 13. a4 Bf8 14. Na3 h6 15. d5 Nb8 16. Nc2 Nbd7 17. Nh4 Nc5 18. Ne3 Nxb3 19. Qxb3 Nxe4 20. g3 Nc5 21. Qc2 bxa4 22. Nhf5 Qd7 23. Ng4 e4 24. Nfxh6+ Kh8 25. Be3 gxh6 26. Bd4+ Bg7 27. Qd2 Re5 28. Nxe5 dxe5 29. Bxc5 Qxh3 30. c4 Rd8 31. Rxa4 f5 32. Rb4 Bc8 33. Rb8 Rg8 34. Be7 f4 35. Bh4 f3 0-1


[Site "https://www.chess.com"]

[Event "Titled Tuesday Blitz December 13 Late 2022"]
[White "Pham, Khoi"]
[Black "Jarocka, Liwia"]
[WhiteFideId "1054988"]
[BlackFideId "21807558"]
[WhiteElo "2519"]
[BlackElo "1989"]
[Result "1-0"]
[Round "06"]
[TimeControl "180+1"]
[Date "2022.12.14"]
[WhiteClock "0:01:29"]
[BlackClock "0:01:28"]

1. c4 e5 2. Nc3 Nc6 3. g3 f5 4. Bg2 Nf6 5. d3 Bb4 6. Nf3 O-O 7. O-O Bxc3 8. bxc3 d6 9. a4 Be6 10. Ba3 h6 11. c5 d5 12. Rb1 Rb8 13. Qc2 Nh5 14. Nd2 f4 15. c4 Nd4 16. Qd1 dxc4 17. Nxc4 Qg5 18. Nd2 Bg4 19. f3 Bf5 20. g4 Bxg4 21. fxg4 Qxg4 22. Nf3 Nf5 23. Nxe5 Qh4 24. Qb3+ Kh8 25. Ng6+ 1-0


[Site "https://www.chess.com"]

[Event "Titled Tuesday Blitz December 13 Late 2022"]
[White "Pichot, Alan"]
[Black "Al-Tarboush, Ward"]
[WhiteFideId "110973"]
[BlackFideId "7601450"]
[WhiteElo "2861"]
[BlackElo "2560"]
[Result "1-0"]
[Round "06"]
[TimeControl "180+1"]
[Date "2022.12.14"]
[WhiteClock "0:00:36"]
[BlackClock "0:00:17"]

1. c4 c5 2. Nc3 Nc6 3. Nf3 e5 4. d3 Nf6 5. Bg5 Be7 6. g3 O-O 7. Bg2 d6 8. Bxf6 Bxf6 9. O-O Be6 10. Nd2 Qd7 11. Rb1 Be7 12. a3 f5 13. b4 b6 14. b5 Na5 15. Bxa8 Rxa8 16. Nd5 Rf8 17. f4 Bxd5 18. cxd5 Bf6 19. e4 exf4 20. gxf4 Bd4+ 21. Kh1 fxe4 22. dxe4 Be3 23. Nf3 Bxf4 24. Qe2 Qh3 25. Rf2 c4 26. Rbf1 Bg3 27. Ng5 Rxf2 28. Rxf2 Qh4 29. Qf3 Bf4 30. Qxf4 Qxf4 31. Rxf4 c3 32. Rf3 1-0


[Site "https://www.chess.com"]

[Event "Titled Tuesday Blitz December 13 Late 2022"]
[White "Polster, Christian"]
[Black "Dzierzak, Radoslaw"]
[WhiteFideId "12965081"]
[BlackFideId "1161407"]
[WhiteElo "2195"]
[BlackElo "2111"]
[Result "0-1"]
[Round "06"]
[TimeControl "180+1"]
[Date "2022.12.14"]
[WhiteClock "0:00:01"]
[BlackClock "0:00:30"]

1. e4 c6 2. Nc3 d5 3. d4 dxe4 4. Nxe4 Bf5 5. Ng3 Bg6 6. h4 h6 7. Nf3 Nd7 8. h5 Bh7 9. Bd3 Bxd3 10. Qxd3 e6 11. Bf4 Qa5+ 12. Bd2 Bb4 13. c3 Be7 14. c4 Qc7 15. O-O-O Ngf6 16. Kb1 O-O 17. Ne4 Nxe4 18. Qxe4 Nf6 19. Qe2 b5 20. c5 Qd7 21. Ne5 Qd5 22. f3 Nd7 23. Nxd7 Qxd7 24. g4 Qd5 25. Be3 Rad8 26. Rhg1 Bg5 27. Qf2 f5 28. f4 fxg4 29. Qd2 Bxf4 30. Bxf4 Qe4+ 31. Qd3 Rxf4 32. Qxe4 Rxe4 33. Rge1 Rdxd4 34. Rxd4 Rxe1+ 35. Kc2 g3 36. Rg4 Re2+ 37. Kc3 g2 38. a3 Kf7 39. b3 Kf6 40. Rg6+ Kf5 41. Rxg7 Kf4 42. Kd3 Re3+ 43. Kd2 Rg3 44. Rf7+ Ke4 45. Rf1 gxf1=Q 0-1


[Site "https://www.chess.com"]

[Event "Titled Tuesday Blitz December 13 Late 2022"]
[White "Rangel, Daniel"]
[Black "Curtis, John"]
[WhiteFideId "2124475"]
[BlackFideId "3200256"]
[WhiteElo "2225"]
[BlackElo "2203"]
[Result "1-0"]
[Round "06"]
[TimeControl "180+1"]
[Date "2022.12.14"]
[WhiteClock "0:00:04"]
[BlackClock "0:00:08"]

1. d4 Nf6 2. c4 c5 3. d5 d6 4. g3 g6 5. Bg2 Bg7 6. Nf3 O-O 7. O-O e6 8. Nc3 exd5 9. cxd5 Re8 10. Nd2 Bf5 11. e4 Bg4 12. Qc2 Na6 13. a3 Nc7 14. a4 Qc8 15. Nc4 Bf8 16. Bg5 Qd8 17. h3 Bc8 18. f4 h6 19. Bh4 b6 20. e5 dxe5 21. fxe5 g5 22. Rxf6 gxh4 23. d6 Rxe5 24. Nxe5 Qxf6 25. dxc7 Qxe5 26. Bxa8 Bxh3 27. Bd5 Qxc7 28. Qg6+ Bg7 29. Re1 Qxg3+ 30. Qxg3 hxg3 31. Re7 Bd4+ 32. Kh1 Kf8 33. Rxa7 f5 34. Bf3 h5 35. Ne2 Bf2 36. Bxh5 c4 37. Nxg3 Bxg3 38. Bf3 Bf2 39. Ra8+ Ke7 40. Ra7+ Kd6 41. Rh7 Bf1 42. Rh6+ Ke5 43. Rh4 f4 44. Rh5+ Kd4 45. Rb5 Kd3 46. Bb7 Kc2 47. a5 f3 48. axb6 Bg2+ 49. Kh2 Bd4 50. Bxf3 Bxf3 51. b7 Be5+ 52. Kh3 Bb8 53. Kh4 Be4 54. Kg4 Bd3 55. Kf3 c3 56. bxc3 Kxc3 57. Rc5+ Bc4 58. Rc8 Ba7 59. b8=Q Bxb8 60. Rxb8 Kd4 61. Rh8 Bd5+ 62. Kf4 Bc4 63. Rd8+ Kc5 64. Ke5 Kb4 65. Kd4 Bf7 66. Rb8+ Ka5 67. Kc5 Ka4 68. Rb4+ Ka3 69. Rb6 Ka4 70. Rb7 Bg8 71. Rb8 Bf7 72. Rb4+ Ka3 73. Rf4 Bg8 74. Kd4 Be6 75. Kc3 1-0


[Site "https://www.chess.com"]

[Event "Titled Tuesday Blitz December 13 Late 2022"]
[White "Remizov, Yaroslav"]
[Black "Kim, Sergey"]
[WhiteFideId "34134015"]
[BlackFideId "13700570"]
[WhiteElo "2415"]
[BlackElo "2626"]
[Result "1-0"]
[Round "06"]
[TimeControl "180+1"]
[Date "2022.12.13"]
[WhiteClock "0:00:42"]
[BlackClock "0:00:05"]

1. e4 e5 2. Nf3 Nc6 3. Nc3 Nf6 4. Be2 g6 5. d4 exd4 6. Nxd4 d6 7. Nxc6 bxc6 8. e5 Nd7 9. exd6 cxd6 10. O-O d5 11. Re1 Be7 12. Bh6 f6 13. Bf3 Ne5 14. Qe2 Kf7 15. Rad1 Nxf3+ 16. Qxf3 Bf5 17. g4 Be6 18. Ne2 Qd7 19. h3 Bd6 20. c4 Rhe8 21. Nd4 Kg8 22. Nxe6 Rxe6 23. cxd5 cxd5 24. Kg2 Be5 25. Rxd5 Qb7 26. Rd8+ 1-0


[Site "https://www.chess.com"]

[Event "Titled Tuesday Blitz December 13 Late 2022"]
[White "Reprintsev, Alexander"]
[Black "Andrews, Todd"]
[WhiteFideId "14100541"]
[BlackFideId "2012456"]
[WhiteElo "2230"]
[BlackElo "2361"]
[Result "0-1"]
[Round "06"]
[TimeControl "180+1"]
[Date "2022.12.14"]
[WhiteClock "0:00:04"]
[BlackClock "0:00:22"]

1. Nc3 d5 2. d4 Nf6 3. Bf4 a6 4. e3 g6 5. h3 Bg7 6. Nf3 O-O 7. Bd3 Nbd7 8. O-O c5 9. Ne5 b6 10. a4 Bb7 11. a5 b5 12. dxc5 Nxc5 13. Ne2 Rc8 14. Nd4 Nfd7 15. Nxd7 Qxd7 16. Nf3 f6 17. Bg3 e5 18. Nd2 Kh8 19. Be2 f5 20. c3 Qe7 21. f3 d4 22. Bf2 d3 23. b4 dxe2 24. Qxe2 Ne6 25. c4 bxc4 26. Nxc4 Qxb4 27. Nb6 Rcd8 28. Rfb1 Qd2 29. Qxd2 Rxd2 30. Nc4 Rd7 31. Rb6 Nc5 32. Rab1 e4 33. f4 Bd5 34. Ne5 Rc7 35. Bg3 Nd3 36. Nxd3 exd3 37. Rd1 Be4 38. Rxa6 Rc2 39. Bf2 Rb8 40. Rb6 Rxb6 41. axb6 Rb2 42. Rc1 h5 43. Bh4 Rxb6 44. Rc8+ Kh7 45. g4 Rb1+ 46. Kf2 d2 47. Rd8 d1=Q 0-1


[Site "https://www.chess.com"]

[Event "Titled Tuesday Blitz December 13 Late 2022"]
[White "Rian, Kapriaga"]
[Black "Fernandez Garcia, Gumersindo"]
[WhiteFideId "7103263"]
[BlackFideId "24516740"]
[WhiteElo "2292"]
[BlackElo "2140"]
[Result "1-0"]
[Round "06"]
[TimeControl "180+1"]
[Date "2022.12.14"]
[WhiteClock "0:00:30"]
[BlackClock "0:00:02"]

1. d4 Nf6 2. Nf3 e6 3. Bf4 c5 4. e3 b6 5. Nbd2 Bb7 6. Bd3 d5 7. c3 Nbd7 8. O-O Be7 9. Ne5 O-O 10. Qf3 Rc8 11. Qh3 h6 12. Bxh6 gxh6 13. Qxh6 Ne4 14. Ndf3 Nxe5 15. Nxe5 Bg5 16. Qh5 Bf6 17. Ng4 Bg7 18. f4 f5 19. Ne5 Bxe5 20. dxe5 Qe7 21. Rf3 Rf7 22. Rh3 Rh7 23. Qg6+ Rg7 24. Qh6 Kf8 25. Rf1 Ke8 26. Bxe4 dxe4 27. Rd1 Bd5 28. c4 Bxc4 29. Rd6 Rd8 30. Qh8+ Kf7 31. Rxd8 Be2 32. Rd6 c4 33. Rh6 Bf3 34. g3 1-0


[Site "https://www.chess.com"]

[Event "Titled Tuesday Blitz December 13 Late 2022"]
[White "Rosen, Eric"]
[Black "Kanyamarala, Trisha"]
[WhiteFideId "2032562"]
[BlackFideId "45004722"]
[WhiteElo "2362"]
[BlackElo "2135"]
[Result "1-0"]
[Round "06"]
[TimeControl "180+1"]
[Date "2022.12.14"]
[WhiteClock "0:00:03"]
[BlackClock "0:00:03"]

1. d4 Nf6 2. Bf4 d5 3. e3 e6 4. Nf3 c5 5. Nbd2 Nc6 6. c3 Bd6 7. Bg3 O-O 8. Bb5 Qe7 9. Bxc6 bxc6 10. Qa4 Bd7 11. Bxd6 Qxd6 12. Qa3 a5 13. Qxc5 Qc7 14. Ne5 Rfb8 15. Rb1 Be8 16. O-O Rb5 17. Qa3 Rab8 18. b3 c5 19. Rbc1 a4 20. c4 Ra5 21. Qb2 axb3 22. Nxb3 cxd4 23. exd4 dxc4 24. Rxc4 Qa7 25. Rc2 Nd5 26. Nd3 h6 27. Rfc1 Ra4 28. Ndc5 Rab4 29. Re2 Nf4 30. Re3 Qa8 31. Rg3 Bb5 32. d5 Ne2+ 33. Kh1 Nxg3+ 34. hxg3 Qxd5 35. Qa3 Bc6 36. f3 Qh5+ 37. Kg1 Qg5 38. Qa7 Bd5 39. f4 Qxg3 40. Rc2 Qe3+ 41. Kh2 Bxb3 42. axb3 Qxf4+ 43. Kg1 Qe3+ 44. Rf2 1-0


[Site "https://www.chess.com"]

[Event "Titled Tuesday Blitz December 13 Late 2022"]
[White "Sadhwani, Raunak"]
[Black "Vasquez Schroeder, Rodrigo"]
[WhiteFideId "35093487"]
[BlackFideId "3400042"]
[WhiteElo "2657"]
[BlackElo "2603"]
[Result "0-1"]
[Round "06"]
[TimeControl "180+1"]
[Date "2022.12.13"]
[WhiteClock "0:00:08"]
[BlackClock "0:00:20"]

1. c4 c5 2. g3 g6 3. Bg2 Bg7 4. Nc3 Nc6 5. d3 d6 6. Qd2 Qd7 7. b3 e6 8. Bb2 f5 9. Nf3 Nf6 10. O-O O-O 11. d4 Ne4 12. Nxe4 fxe4 13. d5 Bxb2 14. Qxb2 exd5 15. Nd2 Nd4 16. e3 Nf3+ 17. Nxf3 exf3 18. Bh1 dxc4 19. bxc4 b6 20. Rfd1 Bb7 21. Rd2 Rad8 22. Rad1 Qe7 23. e4 Qxe4 24. h4 d5 25. cxd5 Rxd5 26. Rxd5 Bxd5 27. h5 gxh5 28. Qd2 Bc6 29. Re1 Qg6 30. Re5 h6 31. Kh2 h4 32. gxh4 Qf6 33. Rh5 Kg7 34. Qe3 Qd6+ 35. Kg1 Qg6+ 0-1


[Site "https://www.chess.com"]

[Event "Titled Tuesday Blitz December 13 Late 2022"]
[White "Samsonkin, Artiom"]
[Black "Svane, Rasmus"]
[WhiteFideId "13503111"]
[BlackFideId "4657101"]
[WhiteElo "2524"]
[BlackElo "2674"]
[Result "0-1"]
[Round "06"]
[TimeControl "180+1"]
[Date "2022.12.13"]
[WhiteClock "0:00:04"]
[BlackClock "0:00:56"]

1. e4 c6 2. d4 d5 3. e5 Bf5 4. h4 h5 5. Bd3 Bxd3 6. Qxd3 Qa5+ 7. Nc3 e6 8. Bg5 c5 9. dxc5 Bxc5 10. Nf3 Nc6 11. O-O a6 12. a3 Qc7 13. Rad1 Nh6 14. Bf4 Ng4 15. Bg3 Rd8 16. Qe2 O-O 17. Kh1 Ne7 18. Bf4 Nf5 19. Nh2 Nxh2 20. Kxh2 g6 21. g3 Rc8 22. Qd3 Bd4 23. Ne2 Bxb2 24. c4 Qxc4 25. Qf3 Qe4 0-1


[Site "https://www.chess.com"]

[Event "Titled Tuesday Blitz December 13 Late 2022"]
[White "Santos Flores, Alberto"]
[Black "Korchmar, Vasiliy"]
[WhiteFideId "3601234"]
[BlackFideId "24131750"]
[WhiteElo "2526"]
[BlackElo "2736"]
[Result "0-1"]
[Round "06"]
[TimeControl "180+1"]
[Date "2022.12.14"]
[WhiteClock "0:00:08"]
[BlackClock "0:00:02"]

1. d4 d5 2. Nf3 Nf6 3. c4 c6 4. cxd5 cxd5 5. Nc3 Nc6 6. Bf4 Nh5 7. Bc1 g6 8. e4 dxe4 9. Nxe4 Bg7 10. Be3 Bg4 11. Be2 Bxf3 12. Bxf3 Nxd4 13. Bxd4 Qxd4 14. Qxd4 Bxd4 15. Rd1 Rd8 16. O-O O-O 17. g3 b6 18. b3 Ng7 19. Rfe1 Ne6 20. Rd2 f5 21. Nd6 Rxd6 22. Rxe6 Bxf2+ 23. Rxf2 Rxe6 24. Bd5 Rf6 25. Re2 Kf7 26. h4 h6 27. Kf2 g5 28. hxg5 hxg5 29. Ke1 Rh6 30. Kf1 a5 31. a4 Rg6 32. Ke1 Rf6 33. Kd2 f4 34. gxf4 gxf4 35. Ke1 Rh6 36. Kf1 Rg6 37. Kf2 Rf6 38. Kf3 Rg6 39. Kxf4 Rf6+ 40. Kg3 Rg6+ 41. Kf2 Rh6 42. Ke1 Rf6 43. Kd2 Rg6 44. Kd3 Rg3+ 45. Kc4 Rg4+ 46. Kb5 Rg5 47. Rf2+ Kg7 48. Kc4 Rd6 49. Be4 Rc5# 0-1


[Site "https://www.chess.com"]

[Event "Titled Tuesday Blitz December 13 Late 2022"]
[White "Sarana, Alexey"]
[Black "Chigaev, Maksim"]
[WhiteFideId "24133795"]
[BlackFideId "4108116"]
[WhiteElo "2708"]
[BlackElo "2542"]
[Result "1-0"]
[Round "06"]
[TimeControl "180+1"]
[Date "2022.12.13"]
[WhiteClock "0:00:22"]
[BlackClock "0:00:01"]

1. d4 Nf6 2. c4 g6 3. Nc3 d5 4. Nf3 Bg7 5. h4 dxc4 6. e4 c5 7. d5 O-O 8. h5 Nxh5 9. Bxc4 Bg4 10. Qc2 Nd7 11. Nh2 Ne5 12. Bf1 Bd7 13. Be2 c4 14. Be3 b5 15. a3 a5 16. O-O b4 17. axb4 axb4 18. Rxa8 Qxa8 19. Nd1 b3 20. Qd2 Nf6 21. Nc3 e6 22. Bd4 Nd3 23. Bxd3 cxd3 24. Qxd3 exd5 25. Bxf6 Bxf6 26. Nxd5 Bd8 27. Qxb3 Be6 28. Rd1 h5 29. Nf3 Re8 30. Nd4 Bg4 31. f3 Bd7 32. Nb6 Bxb6 33. Qxb6 Qa4 34. Rd2 Qa1+ 35. Kf2 Qh1 36. Qf6 Qc1 37. Nb3 Qc4 38. Nd4 Qc5 39. Kg3 Qa7 40. Ne2 Qb8+ 41. Nf4 Be6 42. Qg5 Kh7 43. Kh2 Qc7 44. e5 Bc8 45. Rd6 Be6 46. Qf6 Kg8 1-0


[Site "https://www.chess.com"]

[Event "Titled Tuesday Blitz December 13 Late 2022"]
[White "Sargsyan, Anna M."]
[Black "Jimenez Almeida, Luis David"]
[WhiteFideId "13308130"]
[BlackFideId "22242244"]
[WhiteElo "2284"]
[BlackElo "2158"]
[Result "1-0"]
[Round "06"]
[TimeControl "180+1"]
[Date "2022.12.14"]
[WhiteClock "0:00:21"]
[BlackClock "0:00:08"]

1. d4 g6 2. c4 Bg7 3. g3 f5 4. Bg2 Nf6 5. Nc3 d6 6. b3 O-O 7. Bb2 e5 8. dxe5 dxe5 9. Qc2 Qe7 10. a4 Nc6 11. Nd5 Qf7 12. Ba3 Re8 13. e3 e4 14. Rd1 Ne5 15. Nxf6+ Bxf6 16. Ne2 Nd3+ 17. Rxd3 exd3 18. Qxd3 c6 19. O-O Be6 20. Nf4 Rad8 21. Qc2 g5 22. Nxe6 Qxe6 23. Bh3 g4 24. Bg2 Qe5 25. h4 h5 26. b4 Kg7 27. b5 cxb5 28. axb5 b6 29. Qa4 Qc7 30. Bc6 Re6 31. c5 Kg6 32. Rc1 bxc5 33. Rxc5 Qb6 34. Rxf5 Kxf5 35. Qc2+ 1-0


[Site "https://www.chess.com"]

[Event "Titled Tuesday Blitz December 13 Late 2022"]
[White "Souleidis, Georgios"]
[Black "Sukandar, Irine Kharisma"]
[WhiteFideId "4206827"]
[BlackFideId "7101937"]
[WhiteElo "2401"]
[BlackElo "2301"]
[Result "1-0"]
[Round "06"]
[TimeControl "180+1"]
[Date "2022.12.14"]
[WhiteClock "0:00:14"]
[BlackClock "0:00:16"]

1. e4 e5 2. Nc3 Nf6 3. d4 exd4 4. Qxd4 Nc6 5. Qd3 Bc5 6. Bf4 Ng4 7. Bg3 d6 8. h3 Nge5 9. Qd2 Be6 10. O-O-O Qd7 11. Nd5 Bxd5 12. exd5 Ne7 13. f4 N5g6 14. Nf3 O-O-O 15. Bd3 Nxd5 16. Rhe1 Nb4 17. Bc4 Rhe8 18. a3 Nc6 19. Bb5 a6 20. Ba4 Rxe1 21. Rxe1 Re8 22. Kb1 Rxe1+ 23. Qxe1 h6 24. Qe4 Nge7 25. Bh4 Nf5 26. Be1 d5 27. Qd3 Qe6 28. Bxc6 Qxc6 29. Qxf5+ Qe6 30. Qd3 Bd6 31. Bd2 c6 32. c3 g6 33. Kc2 h5 34. Nd4 Qf6 35. f5 g5 36. g4 hxg4 37. hxg4 Be5 38. Nf3 Bf4 39. Bxf4 gxf4 40. Qd4 Qe7 41. Qxf4 Qe2+ 42. Nd2 c5 43. Qf3 Qh2 44. Qxd5 b6 45. Qc6+ 1-0


[Site "https://www.chess.com"]

[Event "Titled Tuesday Blitz December 13 Late 2022"]
[White "Sourath Biswas"]
[Black "Harshavardhan G B"]
[WhiteFideId "35091484"]
[BlackFideId "25059009"]
[WhiteElo "2533"]
[BlackElo "2744"]
[Result "1-0"]
[Round "06"]
[TimeControl "180+1"]
[Date "2022.12.14"]
[WhiteClock "0:00:51"]
[BlackClock "0:01:02"]

1. d4 Nf6 2. Bf4 c5 3. e3 d5 4. dxc5 Nc6 5. Bb5 a6 6. Bxc6+ bxc6 7. c3 g6 8. Nf3 Bg7 9. Be5 O-O 10. O-O a5 11. b4 Ba6 12. Re1 Nd7 13. Bxg7 Kxg7 14. Nbd2 e5 15. Nb3 a4 16. Na5 Qc7 17. e4 dxe4 18. Rxe4 Bb5 19. c4 f5 20. Re1 Rxa5 21. bxa5 Bxc4 22. Qd6 Qxd6 23. cxd6 Kf6 24. Rab1 Bxa2 25. Rb7 Be6 26. a6 a3 27. a7 a2 28. Nxe5 Nxe5 29. Rb8 Rf7 30. a8=Q Nd3 31. Rxe6+ Kxe6 32. Qxa2+ Kf6 33. Qa1+ Ne5 34. f4 Kg7 35. fxe5 Kh6 36. e6 Kh5 37. exf7 g5 38. f8=Q Kh4 39. Qaf6 h5 40. Q8h6 Kg4 41. Qhxg5# 1-0


[Site "https://www.chess.com"]

[Event "Titled Tuesday Blitz December 13 Late 2022"]
[White "Stanisz, Patryk"]
[Black "Kujawski, Adam"]
[WhiteFideId "1123106"]
[BlackFideId "1100920"]
[WhiteElo "2069"]
[BlackElo "2054"]
[Result "0-1"]
[Round "06"]
[TimeControl "180+1"]
[Date "2022.12.14"]
[WhiteClock "0:00:05"]
[BlackClock "0:00:03"]

1. d4 Nf6 2. c4 e6 3. Nc3 Bb4 4. e3 c5 5. Ne2 b6 6. a3 Ba5 7. Bd2 Bb7 8. Rb1 Na6 9. Nf4 O-O 10. Bd3 Bxc3 11. Bxc3 Ne4 12. d5 Nxc3 13. bxc3 e5 14. Qh5 f5 15. Bxf5 Rxf5 16. Qxf5 exf4 17. Qxf4 d6 18. O-O Qe7 19. Rfe1 Rf8 20. Qg3 Nb8 21. e4 Ba6 22. e5 dxe5 23. Rxe5 Qf6 24. Re4 Nd7 25. Rbe1 h6 26. h3 Rf7 27. Re6 Qf5 28. Re8+ Kh7 29. R8e4 Nf8 30. Kh2 Ng6 31. f3 Bc8 32. Kg1 Nf4 33. Re8 Bd7 34. Qg4 Bxe8 35. Qxf5+ Rxf5 36. Rxe8 Nd3 37. Re7 Ne5 38. Rxa7 Nxc4 39. Rb7 Rxd5 40. a4 Rd3 41. Kf2 Rxc3 42. f4 Rc2+ 43. Kf3 Kg6 44. g4 Kf6 45. Ke4 Rb2 46. Kd5 Ne3+ 47. Kc6 c4 48. Rc7 c3 49. Kd6 c2 50. a5 bxa5 51. Rc6 Rb1 52. Kd7+ Kf7 53. Kd8 c1=Q 54. Rb6 Rxb6 55. f5 Qc6 56. f6 Rb8# 0-1


[Site "https://www.chess.com"]

[Event "Titled Tuesday Blitz December 13 Late 2022"]
[White "Steenbekkers, Franck"]
[Black "Hoffmann, Asa"]
[WhiteFideId "1004220"]
[BlackFideId "2001470"]
[WhiteElo "1932"]
[BlackElo "2117"]
[Result "0-1"]
[Round "06"]
[TimeControl "180+1"]
[Date "2022.12.14"]
[WhiteClock "0:01:07"]
[BlackClock "0:00:41"]

1. e4 d6 2. d4 Nf6 3. Nc3 c6 4. Be3 Ng4 5. Bc1 e5 6. f3 exd4 7. Qxd4 Nf6 8. Bg5 Be7 9. O-O-O Qb6 10. Bxf6 gxf6 11. Qd2 Be6 12. Bd3 Nd7 13. Nge2 Ne5 14. Nf4 O-O-O 15. Kb1 h5 16. Nce2 Bf8 17. Qc3 Bh6 18. Nxh5 Be3 19. Nxf6 Bc5 20. a3 a5 21. Bc4 Bxc4 22. Ng3 Be6 23. f4 Ng4 24. f5 Nxf6 25. fxe6 Ng4 26. exf7 Nf2 27. Nf5 Nxh1 28. Rxh1 Rhf8 29. Qf6 Bxa3 30. g4 Rxf7 31. Qe6+ Rfd7 32. b3 a4 0-1


[Site "https://www.chess.com"]

[Event "Titled Tuesday Blitz December 13 Late 2022"]
[White "Tang, Andrew"]
[Black "Arkell, Keith C"]
[WhiteFideId "2059630"]
[BlackFideId "400270"]
[WhiteElo "2582"]
[BlackElo "2356"]
[Result "1-0"]
[Round "06"]
[TimeControl "180+1"]
[Date "2022.12.13"]
[WhiteClock "0:00:08"]
[BlackClock "0:00:05"]

1. d4 e6 2. Nf3 Nf6 3. Bf4 c5 4. e3 cxd4 5. exd4 Be7 6. Nbd2 b6 7. a4 a6 8. Bd3 Bb7 9. O-O d6 10. Re1 Nbd7 11. a5 b5 12. c4 bxc4 13. Nxc4 Qb8 14. Qa4 O-O 15. Qa3 Bxf3 16. gxf3 Nd5 17. Bxd6 Bxd6 18. Nxd6 Qb4 19. Qxb4 Nxb4 20. Be4 Rab8 21. Rac1 Nf6 22. Red1 g6 23. Rc7 Nfd5 24. Ra7 Rbd8 25. Nc4 Ra8 26. Rxa8 Rxa8 27. Nb6 Rd8 28. Rc1 Kg7 29. Rc4 Kf6 30. Bxd5 Nxd5 31. Nxd5+ Rxd5 32. b4 Rd7 33. Kf1 Kg5 34. Ke2 h5 35. Kd3 Kf4 36. Rc6 Ra7 37. Ke2 g5 38. h3 Rb7 39. Rb6 Ra7 40. Rb8 Rd7 41. Rf8 Rxd4 42. Rxf7+ Ke5 43. Rb7 Rc4 44. Rb6 Kf5 45. Kd3 Rf4 46. Ke3 Rc4 47. Kd2 e5 48. Ke3 Rd4 49. Ke2 Rc4 50. Kd3 Rd4+ 51. Kc3 Rf4 52. Rxa6 Rxf3+ 53. Kc4 Rxf2 54. Ra8 Rc2+ 55. Kd3 Rb2 56. Kc3 Rb1 57. a6 e4 58. a7 Ra1 59. b5 1-0


[Site "https://www.chess.com"]